 Dungeon Crawl Stone Soup version 0.31.0-32-g396128a36d (webtiles) character file.

Game seed: 775830767452088014

60 601d51SH the Sneak (level 4, -2/38 HPs)
             Began as a Gnoll Brigand on Mar 31, 2024.
             Killed from afar by an orc wizard (5 damage)
             ... with a magic dart
             ... on level 3 of the Dungeon.
             The game lasted 00:02:40 (1396 turns).

601d51SH the Sneak (Gnoll Brigand)                  Turns: 1396, Time: 00:02:40

Health: -2/38      AC:  4    Str: 12    XL:     4   Next: 6%
Magic:  5/5        EV: 12    Int: 10    God:
Gold:   96         SH:  0    Dex: 14    Spells: 5/5 levels left

rFire   . . .        a - +2 dagger
rCold   . . .        (no shield)
rNeg    . . .        b - +0 robe
rPois   .            (no helmet)
rElec   .            c - +0 cloak
rCorr   .            f - +0 pair of gloves
SInv    .            (no boots)
Will    .....        (no amulet)
Stlth   ++++         (no ring)
HPRegen 0.26/turn    (no ring)
MPRegen 0.09/turn

%: no passive effects
@: no status effects
A: fangs 1, strong nose, distributed training
a: no special abilities


You were on level 3 of the Dungeon.
You visited 1 branch of the dungeon, and saw 3 of its levels.

You collected 96 gold pieces.

Inventory:

Hand Weapons
 a - a +2 dagger (weapon)
Missiles
 d - 13 poisoned darts (quivered)
 e - 3 curare-tipped darts
 p - a throwing net
Armour
 b - a +0 robe (worn)
 c - a +0 cloak (worn)
 f - a +0 pair of gloves (worn)
 g - a +0 chain mail
 i - a +0 plate armour
Scrolls
 k - 2 scrolls of teleportation {unknown}
 l - a scroll of vulnerability {unknown}
 n - 2 scrolls of identify {unknown}
Potions
 h - a potion of attraction {unknown}
 j - a potion of haste {unknown}
 m - 2 potions of lignification {unknown}
 o - a potion of degeneration {unknown}


   Skills:
 + Level 4.6 Fighting
 + Level 4.6 Short Blades
 + Level 1.0 Long Blades
 + Level 1.0 Axes
 + Level 1.0 Maces & Flails
 + Level 1.0 Polearms
 + Level 1.0 Staves
 + Level 1.0 Ranged Weapons
 + Level 4.6 Throwing
 + Level 1.0 Armour
 + Level 2.7 Dodging
 + Level 7.8 Stealth
 + Level 1.0 Shields
 + Level 1.0 Unarmed Combat
 + Level 1.0 Spellcasting
 + Level 0.8 Conjurations
 + Level 0.8 Hexes
 + Level 0.8 Summonings
 + Level 0.8 Necromancy
 + Level 0.8 Translocations
 + Level 0.8 Fire Magic
 + Level 0.8 Ice Magic
 + Level 0.8 Air Magic
 + Level 0.8 Earth Magic
 + Level 0.8 Alchemy
 + Level 1.1 Invocations
 + Level 1.0 Evocations
 + Level 1.0 Shapeshifting


You had 5 spell levels left.
You didn't know any spells.
Your spell library was empty.

Dungeon Overview and Level Annotations

Branches:
Dungeon (3/15)

Altars:


Innate Abilities, Weirdness & Mutations

You have very sharp teeth.
Your uncanny sense of smell can sniff out nearby items.
Your experience applies equally to all skills.


Message History

The magic dart hits you!
You hit the orc wizard. Your bite misses the orc wizard.
The orc wizard is severely wounded.
You hit the orc wizard but do no damage.
You bite the orc wizard, but do no damage.
The orc wizard is severely wounded.
The orc wizard points at you and mumbles some strange words.
The magic dart hits you.
You barely miss the orc wizard.
The orc wizard is severely wounded.
The orc wizard casts a spell at you. The magic dart hits you.
You hit the orc wizard.
The orc wizard is severely wounded.
You hit the orc wizard but do no damage.
The orc wizard is severely wounded.
The orc wizard hits you with a +0 dagger.
You barely miss the orc wizard.
The orc wizard is severely wounded.
The orc wizard barely misses you.
You hit the orc wizard but do no damage.
The orc wizard is severely wounded.
The orc wizard hits you with a +0 dagger.
You miss the orc wizard.
The orc wizard is severely wounded.
You hit the orc wizard but do no damage.
The orc wizard is severely wounded.
The orc wizard gestures at you while chanting.
The puff of flame hits you!
* * * LOW HITPOINT WARNING * * *
You closely miss the orc wizard.
The orc wizard is severely wounded.
The orc wizard casts a spell at you. The puff of flame hits you!
* * * LOW HITPOINT WARNING * * *
You hit the orc wizard.
The orc wizard is severely wounded.
The orc wizard gestures at you while chanting.
The magic dart hits you.
You die...

### ∆ #.. ..# ...
.>. #.# #.# #.# #.#
#.# #.# ∆ #.#
#.#####
########.###gooo@#
.............#######
.........###.o.....#
.####..............#
#..............##
#...............#
##########.......#
......#.r .[.#####


You could see an orc priest, an orc wizard, an orc and a hobgoblin.

Vanquished Creatures
  An adder (D:3)
  2 ribbon worms
  2 orcs (D:3)
  An endoplasm (D:1)
  A giant cockroach (D:1)
  10 hobgoblins
  3 jackals (D:1)
  2 quokkas (D:2)
  3 ball pythons
  3 bats
  2 frilled lizards
  6 goblins
  3 rats
39 creatures vanquished.

Notes
Turn   | Place    | Note
-------+----------+-------------------------------------------
     0 | D:1      | 601d51SH the Gnoll Brigand began the quest for the Orb.
     0 | D:1      | Reached XP level 1. HP: 20/20 MP: 1/1
   186 | D:1      | Reached XP level 2. HP: 18/26 MP: 2/2
   678 | D:2      | Reached XP level 3. HP: 31/31 MP: 3/3
  1018 | D:2      | Reached skill level 1 in Invocations
  1193 | D:3      | Reached skill level 1 in Long Blades
  1193 | D:3      | Reached skill level 1 in Axes
  1193 | D:3      | Reached skill level 1 in Maces & Flails
  1193 | D:3      | Reached skill level 1 in Polearms
  1193 | D:3      | Reached skill level 1 in Staves
  1193 | D:3      | Reached skill level 1 in Ranged Weapons
  1193 | D:3      | Reached skill level 1 in Armour
  1193 | D:3      | Reached skill level 1 in Shields
  1193 | D:3      | Reached skill level 1 in Unarmed Combat
  1193 | D:3      | Reached skill level 1 in Spellcasting
  1193 | D:3      | Reached skill level 1 in Evocations
  1270 | D:3      | Reached skill level 1 in Shapeshifting
  1270 | D:3      | Reached XP level 4. HP: 25/38 MP: 5/5
  1396 | D:3      | Killed from afar by an orc wizard

Illustrated notes

Levels and vault maps discovered:
D:1:      dpeg_arrival_solitude, layout_basic, kennysheep_boxes
D:2:      layout_basic, kennysheep_generic_room_9
D:3:      layout_basic, amcnicky_altar_gilded, uniq_robin

Skill      XL: |  1  2  3 |
---------------+----------+-----
Invocations    | 1 |  1.1
Long Blades    | 1 |  1.0
Axes           | 1 |  1.0
Maces & Flails | 1 |  1.0
Polearms       | 1 |  1.0
Staves         | 1 |  1.0
Ranged Weapons | 1 |  1.0
Armour         | 1 |  1.0
Shields        | 1 |  1.0
Unarmed Combat | 1 |  1.0
Spellcasting   | 1 |  1.0
Evocations     | 1 |  1.0
Shapeshifting  | 1 |  1.0
Fighting       | |  4.6
Short Blades   | |  4.6
Throwing       | |  4.6
Dodging        | |  2.7
Stealth        | |  7.8
Conjurations   | |  0.8
Hexes          | |  0.8
Summonings     | |  0.8
Necromancy     | |  0.8
Translocations | |  0.8
Fire Magic     | |  0.8
Ice Magic      | |  0.8
Air Magic      | |  0.8
Earth Magic    | |  0.8
Alchemy        | |  0.8

Action                     |  1- 3 |  4- 6 || total
---------------------------+-------+-------++-------
  Melee: Dagger            |   113 |    18 ||   131
         Bite              |    12 |     2 ||    14
         Punch             |     1 |       ||     1
   Stab: Sleeping          |    10 |       ||    10
 Armour: Robe              |    70 |    11 ||    81
  Dodge: Dodged            |   100 |     4 ||   104
